 Dungeon Crawl Stone Soup version 0.27.0-1-g7a089689b8 (webtiles) character file.

Game seed: 7270766290680676834

33 dolemite99 the Conjurer (level 3, 0/24 HPs)
             Began as a Demonspawn Fire Elementalist on Aug 9, 2021.
             Slain by a goblin (4 damage)
             ... on level 2 of the Dungeon.
             The game lasted 00:01:45 (1669 turns).

dolemite99 the Conjurer (DsFE)                      Turns: 1669, Time: 00:01:45

Health: 0/24       AC:  2    Str:  9    XL:     3   Next: 12%
Magic:  3/6        EV: 12    Int: 16    God:
Gold:   95         SH:  0    Dex: 13    Spells: 5/6 levels left

rFire    . . .     SeeInvis .   c - +0 dagger
rCold    . . .     Faith    .   (no shield)
rNeg     . . .     Spirit   .   a - +0 robe
rPois    .         Reflect  .   (no helmet)
rElec    .         Harm     .   (no cloak)
rCorr    .         Rampage  .   (no gloves)
Will     .....                  (no boots)
Stlth    ++........             (no amulet)
HPRegen  0.08/turn              (no ring)
MPRegen  0.10/turn              (no ring)

@: lethally poisoned (0 -> -1), flying
A: powered by pain 1
a: no special abilities


You were on level 2 of the Dungeon.
You visited 1 branch of the dungeon, and saw 2 of its levels.

You collected 95 gold pieces.

Inventory:

Hand Weapons
 b - a +0 short sword
 c - a +0 dagger (weapon)
Armour
 a - a +0 robe (worn)
Jewellery
 e - a ring of positive energy


   Skills:
 - Level 1.7 Dodging
 - Level 1.7 Stealth
 - Level 2.0 Spellcasting
 + Level 3.1 Conjurations
 - Level 2.6 Fire Magic


You had 5 spell levels left.
You knew the following spells:

 Your Spells              Type           Power      Damage    Failure   Level
a - Foxfire               Conj/Fire      40%        2x1d6     6%          1

Your spell library contained the following spells:

 Spells                   Type           Power      Damage    Failure   Level
 Conjure Flame            Conj/Fire      10%        6-21      19%         3
 Inner Flame              Hex/Fire       5%         N/A       34%         3
 Sticky Flame             Conj/Fire      10%        2d3       52%         4
 Fireball                 Conj/Fire      5%         3d5       86%         5


Dungeon Overview and Level Annotations

Branches:
Dungeon (2/15)

Altars:
Elyvilon


Innate Abilities, Weirdness & Mutations

You sometimes gain a little power by taking damage.


Message History

An adder comes into view.
The foxfire hits the hobgoblin.
The hobgoblin is almost dead.
The foxfire hits the hobgoblin but does no damage.
The hobgoblin is almost dead.
Casting: Foxfire (safe; 6% risk of failure)
Confirm with . or Enter, or press ? or * to list all spells.
You conjure some foxfire!
The hobgoblin misses you.
The foxfire hits the hobgoblin.
You kill the hobgoblin!
The foxfire hits the worm.
The worm is lightly wounded.
The adder barely misses you.
An endoplasm comes into view.
Casting: Foxfire (safe; 6% risk of failure)
Confirm with . or Enter, or press ? or * to list all spells.
You conjure some foxfire!
The adder bites you.
The foxfire hits the worm.
The worm is moderately wounded.
The foxfire hits the endoplasm.
The endoplasm is heavily wounded.
The adder barely misses you.
Casting: Foxfire (safe; 6% risk of failure)
Confirm with . or Enter, or press ? or * to list all spells.
You conjure some foxfire!
The adder bites you.
You are poisoned.
The adder poisons you! The endoplasm misses you. The adder barely misses you.
You feel sick.
The foxfire hits the worm.
The worm is moderately wounded.
The foxfire hits the worm.
The worm is heavily wounded.
The goblin hits you with a +0 dagger. The adder bites you but does no damage.
The endoplasm hits you. The worm bites you!
* * * LOW HITPOINT WARNING * * *
You feel sick.
You feel sick.
It was a potion of flight.
You feel very buoyant.
You fly up into the air.
You feel sick. The goblin hits you with a +0 dagger.
You die...

... #.##.# ...
#.##.# ..!. #.##.#
..... #.##.#
...####.##.########
...................
..##..#.##.####....
...##.J####.# .
.......wg@...#
....###S###### ...
#.# . ... ##.# ..#
#.# #.


You could see a worm, an adder, an endoplasm and a goblin.

Vanquished Creatures
  A dart slug (D:1)
  2 endoplasms
  2 giant cockroaches (D:1)
  6 goblins (D:1)
  3 hobgoblins
  3 quokkas
  2 ball pythons (D:1)
  3 bats (D:1)
  A frilled lizard (D:1)
  A kobold (D:1)
  4 rats (D:1)
28 creatures vanquished.

Vanquished Creatures (others)
  66 foxfires
66 creatures vanquished.

Grand Total: 94 creatures vanquished

Notes
Turn   | Place    | Note
-------+----------+-------------------------------------------
     0 | D:1      | dolemite99 the Demonspawn Fire Elementalist began the quest
                  | for the Orb.
     0 | D:1      | Reached XP level 1. HP: 13/13 MP: 3/3
   341 | D:1      | Reached skill level 2 in Conjurations
   571 | D:1      | Gained mutation: You sometimes gain a little power by
                  | taking damage. [demonic ancestry]
   571 | D:1      | Reached XP level 2. HP: 19/19 MP: 3/5
  1429 | D:1      | Reached skill level 3 in Conjurations
  1429 | D:1      | Reached XP level 3. HP: 24/24 MP: 3/6
  1669 | D:2      | Slain by a goblin

Illustrated notes

Levels and vault maps discovered:
D:1:      saegor_arrival_simple_b, layout_loops_corners, skrybe_limestone_x,
          kennysheep_flooded_box, serial_park_tiny_2
D:2:      layout_basic, guppyfry_early_orc_mine

Skill      XL: |  1  2 |
---------------+-------+-----
Conjurations   | 2 3 |  3.1
Dodging        | |  1.7
Stealth        | |  1.7
Spellcasting   | |  2.0
Fire Magic     | |  2.6

Action                   || total
-------------------------++-------
Melee: Dagger            ||     7
 Cast: Foxfire           ||    37
  Use: Potion            ||     1
 Stab: Sleeping          ||     1
Armor: Robe              ||     6
Dodge: Dodged            ||    28
